 Dungeon Crawl Stone Soup version 0.30-a0-728-gc68057be0a (webtiles) character file.

Game seed: 18053648204230061482

48 zinnoa the Grasshopper (level 3, 0/31 HPs)
             Began as a Gnoll Warper on Jan 30, 2023.
             Slain by a goblin
             ... wielding a +0 dagger
             ... led by Robin
              (5 damage)
             ... on level 2 of the Dungeon.
             The game lasted 00:02:50 (1234 turns).

zinnoa the Grasshopper (Gnoll Warper)               Turns: 1234, Time: 00:02:50

Health: 0/31       AC:  4    Str: 12    XL:     3   Next: 72%
Magic:  9/9        EV: 12    Int: 12    God:
Gold:   57         SH:  0    Dex: 11    Spells: 10/12 levels left

rFire   . . .      SeeInvis .    a - +0 hand axe
rCold   . . .      Faith    .    (no shield)
rNeg    . . .      Spirit   .    b - +0 leather armour
rPois   .          Reflect  .    e - +0 helmet
rElec   .          Harm     .    (no cloak)
rCorr   .          Rampage  .    (no gloves)
Will    .....                    (no boots)
Stlth   +                        (no amulet)
HPRegen 0.25/turn                (no ring)
MPRegen 0.11/turn                (no ring)

@: no status effects
A: fangs 1, strong nose, distributed training
a: no special abilities


You were on level 2 of the Dungeon.
You visited 1 branch of the dungeon, and saw 2 of its levels.

You collected 57 gold pieces.

Inventory:

Hand Weapons
 a - a +0 hand axe (weapon)
Missiles
 d - 7 boomerangs of dispersal (quivered)
 o - 3 boomerangs
Armour
 b - a +0 leather armour (worn)
 e - a +0 helmet (worn)
 f - a +0 chain mail
Magical Staves
 g - a staff of conjuration
Scrolls
 c - 2 scrolls of blinking
 i - a scroll of magic mapping {unknown}
 j - a scroll of immolation {unknown}
 k - 4 scrolls of teleportation {unknown}
 l - a scroll of identify {unknown}
 n - a scroll of torment {unknown}
Potions
 h - a potion of magic {unknown}
 m - a potion of berserk rage {unknown}
 p - a potion of might {unknown}


   Skills:
 + Level 4.6 Fighting
 + Level 1.0 Short Blades
 + Level 1.0 Long Blades
 + Level 4.6 Axes
 + Level 1.0 Maces & Flails
 + Level 1.0 Polearms
 + Level 1.0 Staves
 + Level 1.0 Ranged Weapons
 + Level 2.6 Throwing
 + Level 2.6 Armour
 + Level 4.6 Dodging
 + Level 1.0 Stealth
 + Level 1.0 Shields
 + Level 1.0 Unarmed Combat
 + Level 5.0 Spellcasting
 + Level 0.7 Conjurations
 + Level 0.7 Hexes
 + Level 0.7 Summonings
 + Level 0.7 Necromancy
 + Level 5.4 Translocations
 + Level 0.7 Transmutations
 + Level 0.7 Fire Magic
 + Level 0.7 Ice Magic
 + Level 0.7 Air Magic
 + Level 0.7 Earth Magic
 + Level 0.7 Poison Magic
 + Level 1.0 Invocations
 + Level 1.0 Evocations


You had 10 spell levels left.
You knew the following spells:

 Your Spells              Type           Power      Damage    Failure   Level
a - Blink                 Tloc           32%        N/A       4%          2

Your spell library contained the following spells:

 Spells                   Type           Power      Damage    Failure   Level
 Lesser Beckoning         Tloc           32%        N/A       4%          2
 Teleport Other           Tloc           16%        N/A       9%          3
 Vhi's Electric Charge    Tloc/Air       20%        N/A       22%         3
 Manifold Assault         Tloc           16%        N/A       26%         4
 Chain Lightning          Conj/Air       2%         3d2       100%        9
 Fire Storm               Conj/Fire      2%         8d1       100%        9
 Shatter                  Erth           2%         3d6*      100%        9


Dungeon Overview and Level Annotations

Branches:
Dungeon (2/15)

Altars:

Annotations:
D:2 Robin


Innate Abilities, Weirdness & Mutations

You have very sharp teeth.
Your uncanny sense of smell can sniff out nearby items.
Your experience applies equally to all skills.


Message History

A goblin comes into view. It is wielding a +0 dagger.
You hit the worm.
The worm is severely wounded.
A goblin comes into view. It is wielding a +0 dagger.
A goblin comes into view. It is wielding a +0 club.
The worm misses you.
The goblin shouts!
You slash the worm!
You kill the worm!
You hear a shout!
Robin of the Strong Arm comes into view.
They are wielding a +0 mace and wearing the +1 helmet of the Eleven Shrikes {rF- Str+4 Dex-4 Slay+5}.
Robin shouts!
You hit Robin.
Robin is lightly wounded.
Robin hits you with a +0 mace.
You hit Robin.
Robin is heavily wounded.
Robin misses you.
You barely miss Robin. You bite Robin, but do no damage.
Robin is heavily wounded.
Robin roars a battlecry!
The goblins go into a battle-frenzy!
You hit Robin.
Robin is severely wounded.
Robin flexes a bicep menacingly.
Robin closely misses you.
You barely miss Robin. Your bite misses Robin.
Robin is severely wounded.
Robin throws the goblin at you! The goblin hits you with a +0 club.
* * * LOW HITPOINT WARNING * * *
Robin throws the goblin at you!
The goblin hits you but does no damage. x2
You hit Robin.
Robin is almost dead.
You closely miss the goblin. You barely miss the goblin.
Robin hits you with a +0 mace.
* * * LOW HITPOINT WARNING * * *
The goblin closely misses you.
A goblin comes into view. It is wielding a +0 club.
The goblin hits you with a +0 dagger.
You die... ∆#.. g.. ..# ..# #.#∆ ..## #.#∆ ...g## #.#∆ #.. ..## ##### #.####.# g... #...## #.....# #gg

.###.##
#.##).##g# ##
##.####.###.g@#
# #......#
#.g.# #
#.##.###
#(#...#∆ .
..###.# #.##..#
#...# #.# #.#
#... #### ...
..# ##... #.#
#.# .## #.# #.#
# ... ..#


You could see Robin and 6 goblins.

Vanquished Creatures
  An adder (D:2)
  A dart slug (D:1)
  A worm (D:2)
  5 ball pythons
  4 bats
  3 endoplasms (D:1)
  2 giant cockroaches
  4 goblins
  2 hobgoblins (D:1)
  3 kobolds (D:1)
  A quokka (D:1)
  A frilled lizard (D:1)
28 creatures vanquished.

Notes
Turn   | Place    | Note
-------+----------+-------------------------------------------
     0 | D:1      | zinnoa the Gnoll Warper began the quest for the Orb.
     0 | D:1      | Reached XP level 1. HP: 20/20 MP: 6/6
   149 | D:1      | Reached XP level 2. HP: 18/26 MP: 7/7
   154 | D:1      | Learned a level 2 spell: Blink
   711 | D:1      | Reached skill level 5 in Spellcasting
   711 | D:1      | Reached XP level 3. HP: 29/31 MP: 7/9
   976 | D:2      | Reached skill level 1 in Invocations
  1225 | D:2      | Reached skill level 1 in Short Blades
  1225 | D:2      | Reached skill level 1 in Long Blades
  1225 | D:2      | Reached skill level 1 in Maces & Flails
  1225 | D:2      | Reached skill level 1 in Polearms
  1225 | D:2      | Reached skill level 1 in Staves
  1225 | D:2      | Reached skill level 1 in Ranged Weapons
  1225 | D:2      | Reached skill level 1 in Stealth
  1225 | D:2      | Reached skill level 1 in Shields
  1225 | D:2      | Reached skill level 1 in Unarmed Combat
  1225 | D:2      | Reached skill level 1 in Evocations
  1228 | D:2      | Identified the +1 helmet of the Eleven Shrikes {rF- Str+4
                  | Dex-4 Slay+5}
  1228 | D:2      | Noticed Robin
  1234 | D:2      | Slain by a goblin

Illustrated notes

Levels and vault maps discovered:
D:1:      eino_arrival_water_star, layout_basic
D:2:      layout_loops_corners, st_stairs_8, minmay_vboxes, uniq_robin

Skill      XL: |  1  2  3 |
---------------+----------+-----
Spellcasting   | 5 |  5.0
Invocations    | 1 |  1.0
Short Blades   | 1 |  1.0
Long Blades    | 1 |  1.0
Maces & Flails | 1 |  1.0
Polearms       | 1 |  1.0
Staves         | 1 |  1.0
Ranged Weapons | 1 |  1.0
Stealth        | 1 |  1.0
Shields        | 1 |  1.0
Unarmed Combat | 1 |  1.0
Evocations     | 1 |  1.0
Fighting       | |  4.6
Axes           | |  4.6
Throwing       | |  2.6
Armour         | |  2.6
Dodging        | |  4.6
Conjurations   | |  0.7
Hexes          | |  0.7
Summonings     | |  0.7
Necromancy     | |  0.7
Translocations | |  5.4
Transmutations | |  0.7
Fire Magic     | |  0.7
Ice Magic      | |  0.7
Air Magic      | |  0.7
Earth Magic    | |  0.7
Poison Magic   | |  0.7

Action                     || total
---------------------------++-------
  Melee: Hand axe          ||   119
         Bite              ||     8
         Punch             ||     1
 Armour: Leather armour    ||    44
  Dodge: Dodged            ||    98

Table legend: (Time is in decaauts)
 A = Elapsed time spent in this place.
 B = Non-inter-level travel time spent in this place.
 C = Inter-level travel time spent in this place.
 D = Time resting spent in this place.
 E = Time spent auto-exploring this place.
 F = Levels seen in this place.
 G = Mean time per level.
                   A        B        C        D        E       F      G
               +--------+--------+--------+--------+--------+-----+--------+
         Total |   1245 |   1214 |     31 |    168 |    724 |   2 |  622.5 |
       Dungeon |   1245 |   1214 |     31 |    168 |    724 |   2 |  622.5 |
               +--------+--------+--------+--------+--------+-----+--------+

Top non-repeatable levels by time:
     D:1: 976 daAuts
     D:2: 268 daAuts
